 Dungeon Crawl Stone Soup version 0.30.1-11-g7821555f0a (webtiles) character file.

Game seed: 9056260464092566395

191 Glitchless the Ruffian (level 5, -11/78 HPs)
             Began as a Troll Berserker on Dec 5, 2023.
             Was an Elder of Trog.
             Mangled by Menkaure (19 damage)
             ... in an ossuary.
             The game lasted 00:10:25 (2292 turns).

Glitchless the Ruffian (Troll Berserker)            Turns: 2292, Time: 00:10:26

Health: -11/78     AC:  4    Str: 25    XL:     5   Next: 42%
Magic:  4/4        EV: 10    Int:  3    God:    Trog [****..]
Gold:   88         SH:  0    Dex: 11    Spells: 4/4 levels left

rFire   . .          .
                       - Unarmed
rCold   . . .        (no shield)
rNeg    . . .        a - +0 animal skin
rPois   +            (helmet restricted)
rElec   .            (no cloak)
rCorr   .            (gloves unavailable)
SInv    .            (boots unavailable)
Will    ++...        l - amulet of the acrobat Stlth
                     d - ring of poison resistance
HPRegen 2.13/turn    (no ring)
MPRegen 0.09/turn

%: acrobat
@: berserking, strong-willed, regenerating, very quick
A: large, unfitting armour, claws 3, regeneration 1, shaggy fur 1, tough skin 1
a: Renounce Religion, Berserk, Trog's Hand, Brothers in Arms


You were in an ossuary.
You worshipped Trog.
Trog was greatly pleased with you.
You visited 1 branch of the dungeon, and saw 4 of its levels.
You also visited: Ossuary.

You collected 205 gold pieces.
You spent 117 gold pieces at shops.

Inventory:

Missiles
 b - 12 stones
 f - a throwing net (quivered)
 p - 2 boomerangs
Armour
 a - a +0 animal skin (worn)
Jewellery
 d - a ring of poison resistance (left claw)
 l - an amulet of the acrobat (around neck)
Scrolls
 k - a scroll of summoning
 m - a scroll of enchant armour
 n - 2 scrolls of identify
 o - 2 scrolls of teleportation
Potions
 c - a potion of brilliance {unknown}
 e - 2 potions of magic
 g - 3 potions of curing
 h - 2 potions of heal wounds
 i - a potion of flight {unknown}
 j - a potion of invisibility
 q - a potion of berserk rage {unknown}


   Skills:
 * Level 2.9 Fighting
 * Level 1.2 Throwing
 * Level 1.2 Armour
 * Level 3.1 Dodging
 * Level 4.7 Unarmed Combat


You had 4 spell levels left.
You didn't know any spells.
Your spell library contained the following spells:

 Spells                   Type           Power      Damage    Failure   Level
 Magic Dart               Conj           0%         1d3       52%         1
 Necrotise                Necr           0%         1d4       52%         1
 Sandblast                Erth           0%         2d4       52%         1
 Passwall                 Tmut/Erth      0%         N/A       67%         2
 Searing Ray              Conj           0%         2d4       67%         2
 Dazzling Flash           Conj/Hex       0%         N/A       88%         3
 Hailstorm                Conj/Ice       0%         3d3       88%         3
 Stone Arrow              Conj/Erth      0%         3d7       88%         3
 Vampiric Draining        Necr           0%         2d6       88%         3
 Volatile Blastmotes      Fire/Tloc      0%         2d10      88%         3
 Fulminant Prism          Conj/Hex       0%         3d5       99%         4
 Ice Form                 Ice/Tmut       0%         N/A       99%         4
 Iskenderun's Mystic Bla  Conj/Tloc      0%         2d3       99%         4
 Agony                    Necr           0%         N/A       100%        5
 Simulacrum               Ice/Necr       0%         N/A       100%        6
 Starburst                Conj/Fire      0%         6d3       100%        6


Dungeon Overview and Level Annotations

Branches:
Dungeon (4/15)            Ossuary (1/1)
 Temple: D:4-7

Altars:
Wu Jian

Shops:
D:1 ?

Annotations:
Ossuary Menkaure


Innate Abilities, Weirdness & Mutations

You are too large for most types of armour.
You have claws for hands.
Your natural rate of healing is unusually fast.
You are covered in fur. (AC +1)
You have tough skin. (AC +1)


Message History

You barely miss the kobold zombie.
The kobold zombie is heavily damaged.
You claw the kobold zombie!
You destroy the kobold zombie!
Trog accepts your kill.
You claw the rat skeleton!
You destroy the rat skeleton!
Trog accepts your kill.
Menkaure gestures wildly while chanting.
Menkaure seems to speed up.
You scratch the gnoll zombie.
The gnoll zombie is lightly damaged.
You claw the gnoll zombie!
You destroy the gnoll zombie!
Trog accepts your kill. Menkaure completely misses you.
You claw Menkaure!
Menkaure is moderately damaged.
Menkaure hits you!!
You barely miss Menkaure.
Menkaure is moderately damaged.
The sentinel's mark upon you fades away.
Menkaure hits you.
Your skin crawls.
You feel strong-willed. Menkaure closely misses you. Menkaure hits you!!
* * * LOW HITPOINT WARNING * * *
A red film seems to cover your vision as you go berserk!
You feel yourself moving faster!
You feel mighty! Menkaure hits you but does no damage.
You claw Menkaure!
Menkaure is almost destroyed.
Menkaure hits you!
* * * LOW HITPOINT WARNING * * *
You barely miss Menkaure.
Menkaure is almost destroyed.
You barely miss Menkaure.
Menkaure is almost destroyed.
Menkaure hits you!!
You die...

## #Z.##..##..## # #..##..##..##
#Z.##..##..## ##Z.##..##^.##
##..##..##..## ##..##..##..##
##..##..##.^##
###################..##..##..##
................@M....##..##..##
#########################..##..##
............................##∩∩#
#################################


You could see Menkaure (fast).

Vanquished Creatures
  A jelly (D:2)
  5 adders
  4 worms
  3 dart slugs
  4 orcs (D:3)
  5 endoplasms
  A giant cockroach (D:1)
  4 gnoll zombies (Ossuary)
  10 goblins
  8 hobgoblins
  3 kobolds
  6 quokkas
  2 ball pythons
  5 bats
  A frilled lizard (D:1)
  4 gnoll skeletons (Ossuary)
  A goblin skeleton (Ossuary)
  3 goblin zombies (Ossuary)
  2 hobgoblin skeletons (Ossuary)
  3 kobold skeletons (Ossuary)
  6 kobold zombies (Ossuary)
  4 orc skeletons (Ossuary)
  2 orc zombies (Ossuary)
  A quokka zombie (D:4)
  5 rats
  7 rat skeletons (Ossuary)
  4 rat zombies
104 creatures vanquished.

Vanquished Creatures (others)
  A quokka (D:4)
1 creature vanquished.

Grand Total: 105 creatures vanquished

Notes
Turn   | Place    | Note
-------+----------+-------------------------------------------
     0 | D:1      | Glitchless the Troll Berserker began the quest for the Orb.
     0 | D:1      | Reached XP level 1. HP: 22/22 MP: 0/0
   228 | D:1      | Reached XP level 2. HP: 29/29 MP: 1/1
   582 | D:1      | Found Afaagro's Magic Scroll Shop.
   590 | D:1      | Bought a scroll of identify for 26 gold pieces
   590 | D:1      | Bought a scroll of identify for 26 gold pieces
   592 | D:1      | Bought a scroll of noise for 13 gold pieces
   730 | D:2      | Reached XP level 3. HP: 35/36 MP: 2/2
   761 | D:2      | Reached ** piety under Trog
   811 | D:2      | Reached XP level 4. HP: 44/44 MP: 3/3
   857 | D:2      | Reached skill level 1 in Throwing
   857 | D:2      | Reached skill level 1 in Armour
  1004 | D:2      | Reached skill level 4 in Unarmed Combat
  1066 | D:1      | Bought a scroll of identify for 26 gold pieces
  1066 | D:1      | Bought a scroll of identify for 26 gold pieces
  1313 | D:3      | Found an ornate altar of the Wu Jian Council.
  1445 | D:3      | Reached XP level 5. HP: 52/52 MP: 4/4
  1623 | D:3      | Found a faded altar of an unknown god.
  2006 | D:4      | Found a sand-covered staircase.
  2025 | Ossuary  | Entered an ossuary
  2058 | Ossuary  | Reached *** piety under Trog
  2232 | Ossuary  | Reached **** piety under Trog
  2263 | Ossuary  | Noticed Menkaure
  2292 | Ossuary  | Mangled by Menkaure

Illustrated notes

Levels and vault maps discovered:
D:1:      lightli_iron_boxes, layout_loops_ring, serial_shops, shop,
          minmay_liquid_box
D:2:      layout_rooms, solitary_fountain
D:3:      layout_basic, mainiacjoe_overflow_concentric_impassable,
          shapermc_ecumenical_altar_pompeii
D:4:      layout_layer_cave, elyvilon_altar_4, mainiacjoe_overflow_alcove_1,
          xom_teletrap_fun, enter_ossuary_4, serial_shops, shop,
          gup_sewer_entry_pipe
Ossuary:  ossuary_due_pyramid

Skill      XL: |  1  2  3  4  5 |
---------------+----------------+-----
Throwing       | 1 |  1.2
Armour         | 1 |  1.2
Unarmed Combat | 4 |  4.7
Dodging        | 3 |  3.1
Fighting       | |  2.9

Action                     |  1- 3 |  4- 6 || total
---------------------------+-------+-------++-------
  Melee: Unarmed           |    59 |   175 ||   234
         Punch             |     2 |     4 ||     6
 Invoke: Berserk           |       |     1 ||     1
         Trog's Hand       |       |     1 ||     1
    Use: Scroll            |     2 |     7 ||     9
   Stab: Sleeping          |       |     1 ||     1
 Armour: Animal skin       |    21 |    33 ||    54
  Dodge: Dodged            |    40 |    79 ||   119
